 Dungeon Crawl Stone Soup version 0.27-a0-1513-g2aaa0cc67b (webtiles) character file.

Game seed: 2405518324532825500

86 spiderkeys the Skirmisher (level 4, 0/31 HPs)
             Began as an Octopode Abyssal Knight on July 10, 2021.
             Was a Believer of Lugonu.
             Slain by a gnoll (7 damage)
             ... on level 2 of the Dungeon.
             The game lasted 00:02:15 (1224 turns).

spiderkeys the Skirmisher (Octopode Abyssal Knight) Turns: 1224, Time: 00:02:15

Health: 0/31       AC:  1    Str: 12    XL:     4   Next: 50%
Magic:  6/6        EV: 13    Int: 14    God:    Lugonu [**....]
Gold:   38         SH:  0    Dex: 11    Spells: 3/3 levels left

rFire    . . .     SeeInvis .   a - +1 spear
rCold    . . .     Faith    .   (no shield)
rNeg     . . .     Spirit   .   (helmet restricted)
rPois    .         Reflect  .   (no amulet)
rElec    .         Harm     .   (no ring)
rCorr    .         Rampage  .   (no ring)
Will     .....                  (no ring)
Stlth    +++.......             (no ring)
HPRegen  0.10/turn              (no ring)
MPRegen  0.10/turn              (no ring)
                                (no ring)
                                (no ring)

@: no status effects
A: almost no armour, amphibious, 8 rings, camouflage 1, gelatinous body 1,
(nimble swimmer 1), tentacles
a: Renounce Religion, Depart the Abyss, Bend Space


You were on level 2 of the Dungeon.
You worshipped Lugonu.
Lugonu was pleased with you.
You visited 1 branch of the dungeon, and saw 2 of its levels.
You visited the Abyss 1 time.

You collected 38 gold pieces.


Innate Abilities, Weirdness & Mutations

You cannot wear most types of armour.
You are amphibious.
You can wear up to eight rings at the same time.
Your skin changes colour to match your surroundings (Stealth+).
Your rubbery body absorbs attacks. (AC +1, EV +1)
((You are camouflaged near water. (Stealth+)))
You have tentacles for arms and can constrict up to eight enemies at once.


   Skills:
 + Level 3.5 Fighting
 + Level 2.7 Polearms
 + Level 3.0 Dodging
 + Level 1.3 Stealth
 + Level 2.9 Invocations


You had 3 spell levels left.
You didn't know any spells.
Your spell library was empty.

Inventory:

Hand Weapons
 a - a +1 spear (weapon)
Missiles
 c - 6 arrows
 i - 3 poisoned darts
Magical Staves
 h - a staff of earth {!a}
   (You found it on level 1 of the Dungeon)
Scrolls
 e - a scroll of teleportation {@r4}
 g - a scroll of amnesia {unknown}
Potions
 b - a potion of mutation {unknown}
 d - a potion of heal wounds {unknown}
 f - a potion of lignification {unknown}

Dungeon Overview and Level Annotations

Branches:
Dungeon (2/15)

Altars:

### ..#
#####.#######
#..@.........
###+#.#..†.......
#.....#.g........
#..g..#..........
#.....#..........
#.....#.#(#######
#....>#.#(#
#....<..#(#
#.....#.#(#


You could see 2 gnolls.


Message History

You throw a poisoned dart. The poisoned dart hits the gnoll.
The gnoll is poisoned.
The gnoll hits you from afar with a +0 spear. 😕 HP[-4]
You take 4 damage, and now have 27/31 hp.
Throw: 8 darts (poison)
Press: ? - help, Shift-Dir - straight line, f/p - gnoll
Aim: a gnoll, wielding a +0 halberd (60% to hit)
You throw a poisoned dart. The poisoned dart hits the gnoll.
The gnoll looks even sicker.
The gnoll completely misses you. 😕 HP[+1] Reach: a) +1 spear
Press: ? - help, Dir - move target, f - gnoll, p - gnoll
Aim: a gnoll, wielding a +0 spear (moderately wounded, very poisoned, about 35% to evade your +1 spear)
You reach to attack!
You hit the gnoll but do no damage.
The gnoll hits you from afar with a +0 spear! 😮 HP[-7]
You take 7 damage, and now have 21/31 hp.
MASSIVE DAMAGE!! (PAUSE)
The gnoll shouts!
Reach: a) +1 spear
Press: ? - help, Dir - move target, f/p - gnoll
Aim: a gnoll, wielding a +0 spear (almost dead, poisoned, about 35% to evade your +1 spear)
You reach to attack!
You hit the gnoll.
You kill the gnoll!
Lugonu accepts your kill. 😮 HP[+1]
There is a stone staircase leading up here.
You climb upwards.
There is a stone staircase leading down here.
You start resting. 😎 HP[+9]
Your hp is fully restored (31).
There is a stone staircase leading down here.
You climb downwards.
There is a stone staircase leading up here.
i - 8 poisoned darts (gained 1)
An adder comes into view.
You reach to attack!
You miss the adder.
The adder hisses angrily.
You completely miss the adder. You grab the adder. You squeeze the adder.
You constrict the adder. The adder bites you. x2
You are poisoned.
The adder poisons you! 😕 HP[-3]
You take 3 damage, and now have 28/31 hp.
You hit the adder.
You kill the adder!
Lugonu accepts your kill.
You feel sick. 😕 HP[-1]
You take 1 damage, and now have 27/31 hp.
No target in view!
No target in view!
No target in view!
You start resting.
You feel sick. x3
A gnoll is nearby! 😕 HP[-3]
You take 3 damage, and now have 24/31 hp.
Throw: 8 darts (poison)
Press: ? - help, Shift-Dir - straight line, f - gnoll
Aim: a gnoll, wielding a +0 halberd (60% to hit)
You throw a poisoned dart. The poisoned dart hits the gnoll.
You feel sick.
You are no longer poisoned. 😮 HP[-1]
You take 1 damage, and now have 23/31 hp.
Throw: 7 darts (poison)
Press: ? - help, Shift-Dir - straight line, f/p - gnoll
Aim: a gnoll, wielding a +0 halberd (60% to hit)
You throw a poisoned dart. The poisoned dart hits the gnoll.
Throw: 6 darts (poison)
Press: ? - help, Shift-Dir - straight line, f/p - gnoll
Aim: a gnoll, wielding a +0 halberd (60% to hit)
You throw a poisoned dart. The poisoned dart hits the gnoll.
The gnoll is poisoned.
Throw: 5 darts (poison)
Press: ? - help, Shift-Dir - straight line, f/p - gnoll
Aim: a gnoll, wielding a +0 halberd (poisoned, 60% to hit)
You throw a poisoned dart. The poisoned dart hits the gnoll.
The gnoll looks even sicker.
Throw: 4 darts (poison)
Press: ? - help, Shift-Dir - straight line, f/p - gnoll
Aim: a gnoll, wielding a +0 halberd (very poisoned, 60% to hit)
You throw a poisoned dart.
The poisoned dart hits the gnoll. 😕 HP[+1]
You see here an adder corpse.
The gnoll hits you from afar with a +0 halberd. 😮 HP[-6]
You take 6 damage, and now have 18/31 hp.
The gnoll hits you from afar with a +0 halberd!
* * * LOW HITPOINT WARNING * * *
😱 HP[-11]
You take 11 damage, and now have 7/31 hp.
MASSIVE DAMAGE!! (PAUSE)
Okay, then.
The gnoll shouts!
The gnoll hits you from afar with a +0 halberd!
You die...

Skill      XL: |  1  2  3  4 |
---------------+-------------+-----
Dodging        | 3 |  3.0
Stealth        | 1 |  1.3
Fighting       | |  3.5
Polearms       | |  2.7
Invocations    | |  2.9

Action                   |  1- 3 |  4- 6 || total
-------------------------+-------+-------++-------
Melee: Spear             |    31 |    22 ||    53
       Constrict         |     8 |     4 ||    12
       Tentacles         |     7 |     3 ||    10
Throw: Dart              |       |     9 ||     9
  Use: Scroll            |     2 |       ||     2
 Stab: Sleeping          |     6 |     1 ||     7
Armor: Skin              |       |     1 ||     1
Dodge: Dodged            |     5 |    10 ||    15

Levels and vault maps discovered:
D:1:      shiori_arrival_oz, layout_loops_ring, ebering_ecumenical_altar_webs,
          nrook_mini_backslash
D:2:      layout_basic, uniq_natasha

Notes
Turn   | Place    | Note
-------+----------+-------------------------------------------
     0 | Abyss:1  | spiderkeys the Octopode Abyssal Knight began the quest for
                  | the Orb.
     0 | Abyss:1  | Reached XP level 1. HP: 16/16 MP: 2/2
     0 | Abyss:1  | magus.rc [v1.9.10]
     6 | Abyss:1  | Found a corrupted altar of Lugonu.
    57 | Abyss:1  | Noticed an iron imp
    75 | Abyss:1  | Killed an iron imp
    76 | Abyss:1  | Reached XP level 2. HP: 21/21 MP: 3/3
    76 | Abyss:1  | Reached XP level 3. HP: 26/26 MP: 4/4
    80 | Abyss:1  | Noticed a worldbinder
    80 | Abyss:1  | Noticed a large abomination
    83 | Abyss:1  | Noticed a deep elf zephyrmancer
    84 | Abyss:1  | Noticed a deep elf zephyrmancer
    84 | Abyss:1  | Noticed a deep elf zephyrmancer
    84 | Abyss:1  | Noticed a deep elf pyromancer
    86 | Abyss:1  | Noticed a fire elemental
    87 | Abyss:1  | Noticed a fire elemental
    88 | D:1      | You pass through the gate.
    88 | D:1      | Escaped the Abyss
   577 | D:1      | Found a faded altar of an unknown god.
   651 | D:1      | Reached XP level 4. HP: 31/31 MP: 6/6
   696 | D:1      | Reached skill level 3 in Dodging
  1058 | D:1      | Reached ** piety under Lugonu
  1059 | D:1      | Reached skill level 1 in Stealth
  1223 | D:2      | HP: 7/31 [gnoll (11)]
  1224 | D:2      | Slain by a gnoll

Vanquished Creatures
  An iron imp (Abyss:1)
  2 gnolls
  An adder (D:2)
  A worm (D:1)
  A ball python (D:1)
  2 bats (D:1)
  2 endoplasms (D:1)
  3 giant cockroaches (D:1)
  3 goblins (D:1)
  A hobgoblin (D:1)
  A kobold (D:1)
  2 quokkas (D:1)
  3 frilled lizards (D:1)
  2 rats (D:1)
25 creatures vanquished.

Table legend:
 A = Non-vault XP
 B = Vault XP
 C = Vault XP percentage of total XP
 D = Non-vault monster count
 E = Vault monster count
 F = Vault count percentage of total count
                 A         B        C        D         E       F
            +---------+---------+-------+---------+---------+-------
      Total |     122 |       2 |   1.6 |      24 |       1 |   4.0
            +---------+---------+-------+---------+---------+-------
        D:1 |      51 |       2 |   3.8 |      21 |       1 |   4.5
        D:2 |      28 |       0 |   0.0 |       2 |       0 |   0.0
    Abyss:1 |      43 |       0 |   0.0 |       1 |       0 |   0.0
            +---------+---------+-------+---------+---------+-------

Illustrated notes

Table legend:
 A = Kills in this place as a percentage of kills in entire the game.
 B = Kills by you in this place as a percentage of kills by you in the entire game.
 C = Kills by friends in this place as a percentage of kills by friends in the entire game.
 D = Other kills in this place as a percentage of other kills in the entire game.
 E = Experience gained in this place as a percentage of experience gained in the entire game.
 F = Experience gained in this place divided by the number of levels of this place that you have seen.
                   A       B       C       D       E      F
               +-------+-------+-------+-------+-------+----------------------
         Total | 100.0 | 100.0 |   N/A |   N/A | 100.0 |  41.3
       Dungeon |  96.0 |  96.0 |   N/A |   N/A |  65.3 |  40.5
         Abyss |   4.0 |   4.0 |   N/A |   N/A |  34.7 |  43.0
               +-------+-------+-------+-------+-------+----------------------

Table legend: (Time is in decaauts)
 A = Elapsed time spent in this place.
 B = Non-inter-level travel time spent in this place.
 C = Inter-level travel time spent in this place.
 D = Time resting spent in this place.
 E = Time spent auto-exploring this place.
 F = Levels seen in this place.
 G = Mean time per level.
                   A        B        C        D        E       F      G
               +--------+--------+--------+--------+--------+-----+--------+
         Total |   1224 |   1176 |     48 |     88 |    847 |   3 |  408.0 |
       Dungeon |   1136 |   1088 |     48 |     88 |    811 |   2 |  568.0 |
         Abyss |     88 |     88 |      0 |      0 |     36 |   1 |   88.0 |
               +--------+--------+--------+--------+--------+-----+--------+

Top non-repeatable levels by time:
     D:1: 1053 daAuts
 Abyss:1: 88 daAuts
     D:2: 83 daAuts
